AoeStats
← Bums the Boy

Black Forest

509669883Analyzed
4v4 RM · 6d ago on Sep 27, 2026· 59m 48s· 8 players
Game mode
Random Map
Map size
Large (8 player)
Population
200
Speed
Normal
Resources
Standard
Victory
Conquest
Starting age
Dark Age
Ending age
Imperial Age
RankedLock teamsTeams togetherTeam positionsShared explorationLock speedFull tech treeHidden civsTurbo modeCheats
Victory
Defeat
🇹🇼 Byzantines · Taiwan
1063
+30
🇹🇷 Britons · Türkiye
1016
+17
🇹🇷 Khmer · Türkiye
1014
+17
🇫🇷 Persians · France
980
+18
🇨🇭 Khmer · Switzerland
1231
-23
🇩🇪 Bohemians · Germany
1032
-17
🇩🇪 Ethiopians · Germany
956
-14
🇩🇪 Poles · Germany
933
-13
berker06ankara
11:15 Feudal Age
14:43 Castle Age
12:39 Horse Collar
13:18 Double-Bit Axe
14:54 Wheelbarrow
16:08 Bow Saw
16:24 Heavy Plow
20:12 Gold Mining
23:41 Hand Cart
23:12 Town Watch
23:13 Loom
23:45 Stone Mining
25:59 Gold Shaft Mining
26:00 Stone Shaft Mining
26:56 Town Patrol
27:57 Scale Mail Armor
28:03 Scale Barding Armor
28:09 Forging
27:49 Fletching
28:00 Padded Archer Armor
28:58 Chain Mail Armor
31:45 Imperial Age
30:05 Arson
30:59 Iron Casting
30:58 Chain Barding Armor
30:43 Bodkin Arrow
31:15 Caravan
32:06 Husbandry
32:16 Bloodlines
32:23 Leather Archer Armor
32:59 Conscription
32:44 Bracer
33:20 Crop Rotation
32:32 Light Cavalry
34:32 Chemistry
34:12 Ring Archer Armor
33:35 Sappers
34:45 Plate Barding Armor
34:19 Elite Ballista Elephant
37:57 Blast Furnace
37:19 Ballistics
37:42 Double Crossbow
37:12 Hussar
38:01 Heated Shot
38:27 Tusk Swords
41:29 Hoardings
43:39 Heavy Scorpion
45:27 Masonry
45:21 Murder Holes
58:54 Elite Battle Elephant
M4PUCH3
0:50 Loom
14:38 Feudal Age
15:26 Double-Bit Axe
15:34 Horse Collar
19:14 Fletching
23:11 Castle Age
21:21 Gold Mining
22:09 Stone Mining
22:36 Forging
24:01 Bow Saw
26:41 Wheelbarrow
25:53 Town Watch
26:30 Bloodlines
26:32 Scale Barding Armor
28:03 Chain Barding Armor
29:22 Hand Cart
29:59 Iron Casting
34:46 Imperial Age
33:12 Heavy Plow
33:15 Husbandry
34:58 Cavalier
36:43 Blast Furnace
35:35 Fletching
36:52 Conscription
37:10 Plate Barding Armor
37:03 Savar
37:46 Padded Archer Armor
39:19 Chemistry
38:40 Ballistics
38:47 Caravan
39:27 Gold Shaft Mining
40:22 Two-Man Saw
40:12 Bodkin Arrow
42:30 Murder Holes
41:59 Heavy Camel Rider
42:43 Scale Mail Armor
44:08 Crop Rotation
44:20 Stone Shaft Mining
44:59 Onager
53:05 Masonry
53:37 Light Cavalry
55:56 Hussar
56:20 Capped Ram
57:58 Pikeman
geekchang
2:10 Loom
15:11 Feudal Age
16:28 Double-Bit Axe
17:52 Wheelbarrow
21:54 Castle Age
19:50 Horse Collar
23:02 Bow Saw
28:31 Gold Mining
30:04 Stone Mining
33:15 Imperial Age
32:46 Hand Cart
35:07 Chemistry
33:48 Treadmill Crane
37:09 Pikeman
38:36 Caravan
39:11 Scale Barding Armor
38:57 Fletching
39:08 Padded Archer Armor
39:56 Conscription
41:21 Scale Mail Armor
41:32 Forging
44:51 Logistica
45:02 Chain Barding Armor
45:18 Iron Casting
44:38 Bodkin Arrow
44:52 Thumb Ring
44:08 Crossbowman
44:20 Capped Ram
44:47 Halberdier
45:43 Chain Mail Armor
45:44 Leather Archer Armor
47:17 Plate Barding Armor
48:28 Bracer
51:13 Guilds
51:55 Siege Ram
53:23 Elite Cataphract
57:19 Ballistics
57:10 Fortified Wall
56:56 Murder Holes
56:47 Arrowslits
Dostoyevski
0:51 Loom
11:05 Feudal Age
14:55 Wheelbarrow
15:28 Double-Bit Axe
16:23 Horse Collar
23:17 Castle Age
25:11 Hand Cart
26:28 Bow Saw
29:23 Caravan
29:35 Fletching
29:45 Padded Archer Armor
32:19 Yeomen
32:51 Bodkin Arrow
33:18 Ballistics
34:19 Fortified Wall
35:04 Heavy Plow
38:53 Imperial Age
36:26 Town Watch
37:04 Squires
36:50 Arson
36:26 Pikeman
36:33 Pikeman
38:45 Leather Archer Armor
38:14 Treadmill Crane
38:56 Elite Longbowman
39:59 Conscription
39:14 Halberdier
39:45 Elite Skirmisher
40:47 Bracer
41:18 Ring Archer Armor
41:53 Chemistry
43:42 Forging
43:32 Scale Mail Armor
44:36 Two-Man Saw
43:35 Gold Mining
43:36 Stone Mining
46:53 Warwolf
51:45 Siege Engineers
52:20 Iron Casting
52:00 Chain Mail Armor
56:05 Town Patrol
56:22 Masonry
Steve the Thief
0:32 Loom
16:34 Feudal Age
17:54 Double-Bit Axe
23:02 Castle Age
22:10 Horse Collar
24:52 Fervor
27:08 Heavy Plow
27:22 Bow Saw
36:15 Imperial Age
34:12 Fortified Wall
34:30 Fletching
34:40 Padded Archer Armor
35:56 Chemistry
36:02 Pikeman
36:43 Squires
36:59 Forging
36:50 Scale Mail Armor
37:12 Siege Engineers
38:14 Two-Man Saw
39:47 Wheelbarrow
41:05 Masonry
41:52 Halberdier
41:56 Elite Skirmisher
43:20 Iron Casting
43:00 Chain Mail Armor
42:40 Bodkin Arrow
43:00 Leather Archer Armor
43:01 Caravan
42:51 Houfnice
44:06 Sanctity
44:36 Hand Cart
44:06 Town Watch
46:47 Architecture
46:39 Ballistics
46:39 Bombard Tower
46:17 Murder Holes
46:18 Arson
46:42 Wagenburg Tactics
51:46 Plate Mail Armor
52:16 Blast Furnace
51:17 Bracer
52:26 Blast Furnace
51:27 Bracer
52:46 Conscription
53:28 Town Patrol
Frank the Flank
3:22 Loom
12:41 Feudal Age
16:02 Castle Age
14:04 Double-Bit Axe
17:27 Horse Collar
22:46 Bow Saw
22:40 Heavy Plow
25:00 Wheelbarrow
25:10 Wheelbarrow
27:49 Hand Cart
30:11 Imperial Age
29:41 Gold Mining
29:42 Stone Mining
30:16 Town Watch
31:19 Gold Shaft Mining
31:05 Scale Barding Armor
31:11 Forging
31:20 Bloodlines
30:53 Elite Battle Elephant
32:13 Caravan
34:02 Crop Rotation
34:11 Chain Barding Armor
34:44 Iron Casting
34:14 Tusk Swords
35:26 Plate Barding Armor
38:32 Fletching
38:47 Heavy Scorpion
41:49 Bodkin Arrow
42:56 Blast Furnace
42:43 Light Cavalry
43:24 Husbandry
43:27 Bracer
47:08 Double Crossbow
48:14 Chemistry
47:31 Siege Engineers
52:29 Hussar
Roger the Legend
0:52 Loom
13:09 Feudal Age
13:52 Double-Bit Axe
16:44 Horse Collar
20:44 Castle Age
21:52 Wheelbarrow
21:58 Fletching
22:09 Padded Archer Armor
23:08 Bodkin Arrow
28:07 Gold Mining
33:11 Imperial Age
33:01 Ballistics
33:16 Onager
35:18 Chemistry
35:09 Cavalier
35:49 Husbandry
37:49 Szlachta Privileges
38:03 Bow Saw
38:29 Heavy Plow
38:57 Hand Cart
39:02 Scale Barding Armor
40:04 Crop Rotation
42:07 Pikeman
42:47 Squires
43:12 Stone Mining
43:45 Chain Barding Armor
46:29 Forging
46:45 Scale Mail Armor
55:12 Iron Casting
Bums the Boy
0:53 Loom
14:46 Feudal Age
15:16 Double-Bit Axe
15:35 Horse Collar
19:52 Wheelbarrow
24:07 Castle Age
22:49 Scale Mail Armor
22:59 Forging
24:00 Gold Mining
26:45 Bow Saw
31:01 Imperial Age
31:37 Heavy Plow
31:57 Onager
32:48 Siege Engineers
34:18 Hand Cart
33:50 Town Watch
38:48 Halberdier
39:31 Squires
39:44 Scale Mail Armor
39:54 Forging
41:06 Fletching
41:32 Chain Mail Armor
41:52 Iron Casting
41:18 Padded Archer Armor
44:41 Plate Mail Armor
45:11 Blast Furnace
47:57 Bodkin Arrow
48:28 Siege Onager
50:48 Bracer
56:15 Torsion Engines
56:36 Conscription
60:02 Chemistry
Connection lost

Rejoining the realm…

Still unreachable

The connection could not be restored.

Session expired

The server has moved on; the page needs a fresh start.